AoeStats
← duk

African Clearing

505326663Analyzed
4v4 RM · 22d ago on Sep 8, 2026· 42m 45s· 8 players
Game mode
Random Map
Map size
Large (8 player)
Population
200
Speed
Normal
Resources
Standard
Victory
Conquest
Starting age
Dark Age
Ending age
Imperial Age
RankedLock teamsTeams togetherTeam positionsShared explorationLock speedFull tech treeHidden civsTurbo modeCheats
Victory
Defeat
🇧🇷 Koreans · Brazil
1685
+9
🇧🇷 Mongols · Brazil
1605
+12
🇧🇷 Chinese · Brazil
1600
+12
🇧🇷 Japanese · Brazil
1573
+14
🇹🇷 Berbers · Türkiye
1555
-13
🇹🇷 Armenians · Türkiye
1518
-12
🇹🇷 Khmer · Türkiye
1507
-11
🇨🇭 Romans · Switzerland
1489
-11
The_OFLi
7:35 Loom
14:59 Feudal Age
19:05 Castle Age
17:02 Fishing Lines
17:35 Double-Bit Axe
20:05 Wheelbarrow
19:22 Fletching
19:49 Gillnets
20:42 Bow Saw
23:04 Bodkin Arrow
24:57 Padded Archer Armor
27:51 Ballistics
30:02 Kasbah
32:01 Gold Mining
32:02 Stone Mining
32:49 Wheelbarrow
32:22 Husbandry
32:41 Leather Archer Armor
36:29 Imperial Age
35:48 Bloodlines
36:52 Thumb Ring
37:56 Bracer
39:34 Elite Camel Archer
AVCI
11:40 Feudal Age
12:32 Double-Bit Axe
13:21 Loom
15:23 Forging
16:08 Horse Collar
17:24 Scale Barding Armor
22:21 Castle Age
21:09 Bloodlines
22:23 Light Cavalry
23:24 Chain Barding Armor
23:44 Husbandry
32:30 Wheelbarrow
32:45 Iron Casting
34:56 Bow Saw
37:22 Fletching
43:46 Imperial Age
Smoke Monkey.Mua
12:13 Feudal Age
12:27 Man-at-Arms
13:56 Loom
17:10 Town Watch
18:21 Double-Bit Axe
20:37 Fletching
25:59 Castle Age
25:01 Gold Mining
26:49 Bodkin Arrow
29:03 Horse Collar
30:12 Crossbowman
32:31 Padded Archer Armor
35:41 Ballistics
36:56 Wheelbarrow
41:02 Hand Cart
duk
8:25 Loom
11:46 Feudal Age
12:46 Double-Bit Axe
14:59 Wheelbarrow
17:27 Castle Age
17:06 Scale Mail Armor
18:04 Town Watch
18:42 Bow Saw
19:58 Pikeman
20:22 Horse Collar
25:57 Ballistics
35:36 Imperial Age
33:48 Ballistas
33:11 Pikeman
34:22 Squires
35:13 Chain Mail Armor
35:24 Fletching
39:57 Conscription
39:30 Halberdier
40:30 Forging
42:48 Chemistry
Fs.Maju
5:35 Loom
13:30 Feudal Age
21:41 Castle Age
19:47 Gold Mining
19:54 Fletching
20:05 Padded Archer Armor
22:00 Double-Bit Axe
26:04 Bodkin Arrow
28:41 Leather Archer Armor
31:34 Wheelbarrow
31:44 Husbandry
33:06 Bloodlines
33:50 Ballistics
42:01 Imperial Age
40:53 Thumb Ring
41:35 Horse Collar
43:12 Parthian Tactics
43:03 Bracer
Fs.Kawan
2:35 Loom
12:07 Feudal Age
12:59 Double-Bit Axe
15:48 Castle Age
15:05 Horse Collar
21:47 Wheelbarrow
21:27 Bow Saw
24:17 Hand Cart
24:11 Gold Mining
24:28 Heavy Plow
25:34 Gold Shaft Mining
26:14 Town Watch
30:30 Imperial Age
29:01 Scale Barding Armor
30:19 Bloodlines
31:41 Chain Barding Armor
31:35 Husbandry
31:30 Cavalier
33:26 Plate Barding Armor
33:03 Forging
35:46 Iron Casting
38:39 Blast Furnace
38:22 Fletching
38:33 Padded Archer Armor
38:52 Light Cavalry
39:57 Stone Mining
40:45 Bodkin Arrow
41:06 Leather Archer Armor
43:02 Chemistry
42:24 Ballistics
42:30 Bracer
43:01 Ring Archer Armor
Floripa
5:36 Loom
12:01 Feudal Age
13:08 Double-Bit Axe
15:52 Castle Age
14:00 Double-Bit Axe
15:18 Town Watch
17:40 Bow Saw
17:57 Fletching
36:53 Imperial Age
35:21 Padded Archer Armor
35:08 Horse Collar
35:57 Bodkin Arrow
37:35 Bracer
38:36 Leather Archer Armor
39:00 Parthian Tactics
38:55 Bloodlines
38:45 Husbandry
39:38 Wheelbarrow
39:03 Town Patrol
39:12 Thumb Ring
38:54 Elite Mangudai
39:55 Conscription
40:35 Hoardings
43:15 Chemistry
43:42 Coinage
Oni.Nego
14:15 Feudal Age
14:59 Loom
18:49 Castle Age
16:41 Double-Bit Axe
17:50 Fletching
18:39 Stone Mining
20:04 Bodkin Arrow
22:34 Fishing Lines
34:33 Horse Collar
35:30 Wheelbarrow
38:22 Imperial Age
38:30 Bow Saw
38:36 Hand Cart
39:22 Heavy Plow
39:08 Town Watch
40:30 Chemistry
39:52 Ballistics
39:31 Gold Mining
40:12 Conscription
41:15 Two-Man Saw
40:24 Elite War Wagon
41:58 Gold Shaft Mining
42:00 Stone Shaft Mining
41:30 Bracer
42:31 Masonry
42:27 Siege Engineers
Connection lost

Rejoining the realm…

Still unreachable

The connection could not be restored.

Session expired

The server has moved on; the page needs a fresh start.